 Dungeon Crawl Stone Soup version 0.31-a0-876-gfe8ebadbca (webtiles) character file.

Game seed: 11288854453592818768

1395 Pixllover the Chopper (level 8, -1/45 HPs)
             Began as a Vine Stalker Fighter on Oct 13, 2023.
             Was a Believer of Kikubaaqudgha.
             Succumbed to an orc's poison
             ... on level 5 of the Dungeon.
             The game lasted 00:08:59 (3719 turns).

Pixllover the Chopper (Vine Stalker Fighter)        Turns: 3719, Time: 00:09:00

Health: -1/45      AC:  7    Str: 21    XL:     8   Next: 68%
Magic:  0/9        EV:  9    Int:  8    God:    Kikubaaqudgha [**....]
Gold:   224        SH:  8    Dex: 14    Spells: 7/7 levels left

rFire   . . .        a - +0 war axe
rCold   . . .        x - +0 kite shield
rNeg    + . .        b - +0 scale mail
rPois   .            r - +0 helmet
rElec   .            (no cloak)
rCorr   +            (no gloves)
SInv    .            (no boots)
Will    +....        (no amulet)
Stlth   +            h - ring of positive energy
HPRegen 1.07/turn    c - ring of resist corrosion
MPRegen 0.11/turn

%: guardian spirit
@: lethally poisoned (-1 -> -10)
A: fangs 3, regeneration 1, magic shield, antimagic bite, no potion heal 2
a: Renounce Religion, Unearth Wretches


You were on level 5 of the Dungeon.
You worshipped Kikubaaqudgha.
Kikubaaqudgha was pleased with you.
You visited 1 branch of the dungeon, and saw 5 of its levels.
You also visited: Sewer.

You collected 224 gold pieces.

Inventory:

Hand Weapons
 a - a +0 war axe (weapon)
Missiles
 e - 14 poisoned darts (quivered)
 o - a throwing net
Armour
 b - a +0 scale mail (worn)
 r - a +0 helmet (worn)
 x - a +0 kite shield (worn)
 E - a +0 pair of boots
 F - a +0 plate armour
Jewellery
 c - a ring of resist corrosion (right hand)
 h - a ring of positive energy (left hand)
 z - a +6 ring of intelligence
 A - a ring of see invisible
Wands
 D - a wand of charming (2)
Scrolls
 j - a scroll of teleportation {unknown}
 k - a scroll of fog {unknown}
 l - 5 scrolls of blinking
 m - 2 scrolls of identify {unknown}
 n - 2 scrolls of immolation {unknown}
 p - 3 scrolls of enchant armour {unknown}
 q - a scroll of butterflies {unknown}
 s - a scroll of torment {unknown}
 v - a scroll of vulnerability {unknown}
 y - 3 scrolls of silence {unknown}
 B - a scroll of enchant weapon {unknown}
 C - a scroll of fear {unknown}
Potions
 d - a potion of might
 g - a potion of magic {unknown}
 i - a potion of brilliance {unknown}
 t - 2 potions of cancellation {unknown}
 u - a potion of ambrosia {unknown}
 w - a potion of curing {unknown}


   Skills:
 + Level 6.5(3.2) Fighting
 + Level 7.3(3.6) Axes
 + Level 6.1(3.0) Armour
 + Level 4.0(2.0) Dodging
 + Level 5.2(2.6) Stealth
 + Level 5.5(2.7) Shields


You had 7 spell levels left.
You didn't know any spells.
Your spell library contained the following spells:

 Spells                   Type           Power      Damage    Failure   Level
 Kiss of Death            Conj/Necr      0%         2d5       96%         1
 Magic Dart               Conj           0%         1d3       96%         1
 Necrotise                Necr           0%         1d4       96%         1
 Call Imp                 Summ           0%         N/A       99%         2
 Lesser Beckoning         Tloc           0%         N/A       99%         2
 Sublimation of Blood     Necr           0%         N/A       99%         2
 Gell's Gravitas          Tloc           0%         N/A       100%        3
 Mephitic Cloud           Conj/Pois/Air  0%         N/A       100%        3
 Teleport Other           Tloc           0%         N/A       100%        3
 Tukima's Dance           Hex            0%         N/A       100%        3
 Vampiric Draining        Necr           0%         2d6       100%        3
 Animate Armour           Summ/Erth      0%         N/A       100%        4
 Cause Fear               Hex            0%         N/A       100%        4
 Passage of Golubria      Tloc           0%         N/A       100%        4
 Summon Lightning Spire   Summ/Air       0%         N/A       100%        4
 Fireball                 Conj/Fire      0%         3d3       100%        5
 Lee's Rapid Deconstruct  Erth           0%         3d4*      100%        5
 Yara's Violent Unravell  Hex/Tmut       0%         3d3       100%        5
 Dragon's Call            Summ           0%         N/A       100%        9


Dungeon Overview and Level Annotations

Branches:
Dungeon (5/15)              Sewer (visited)
 Temple: D:4-7

Altars:
Ashenzari
Hepliaklqana
Kikubaaqudgha
Ru
Vehumet
Xom

Shops:
D:4 *(


Innate Abilities, Weirdness & Mutations

You have razor-sharp teeth.
Your natural rate of healing is unusually fast.
When hurt, damage is shared between your health and your magic reserves.
Your bite disrupts and absorbs the magic of your enemies.
Potions cannot restore your health.


Message History

You kill the orc!
Kikubaaqudgha accepts your kill.
You hit the orc. You block the hound's attack.
The orc priest looks encouraged for a moment.
The hound barely misses you. You block the orc's attack.
You slash the hound!
You kill the hound!
Kikubaaqudgha accepts your kill.
You barely miss the orc.
The orc hits you with a +4 dagger of venom.
You are poisoned.
You block the orc's attack.
The orc priest calls down the wrath of Beogh upon you.
Beogh smites you!
* * * LOW HITPOINT WARNING * * *
Your base Axes skill increases to level 5!
Your base Dodging skill increases to level 2!
You slash the orc priest!
The orc priest is almost dead.
You hit the orc. x2
You feel very sick. The orc priest barely misses you.
The orc hits you with a +4 dagger of venom.
* * * LOW HITPOINT WARNING * * *
You are lethally poisoned!
You block the orc's attack.
Okay, then.
It was a potion of experience.
You feel more experienced!
Your base Fighting skill gained 3 levels and is now at level 6!
Your base Axes skill gained 2 levels and is now at level 7!
Your base Armour skill gained 3 levels and is now at level 6!
Your base Dodging skill gained 2 levels and is now at level 4!
Your base Stealth skill gained 5 levels and is now at level 5!
Your base Shields skill increases to level 5!
You have reached level 8!
You feel agile.
Your teeth grow very long and razor-sharp.
You die...
Kikubaaqudgha rasps: "You have failed me!
Welcome... death!"

## #.# # .# #.# .# .###
#.# ..# ##.....# #.#
..##..# #.### #.## #
#...## #...###..##..#
###....###.##.........#
....>.....# #o@#
..........# ##oo##
.##.......####....#
##..............#..#
.....<..........###..#
.##..........###.# #..#
.####......##..#.# ..#
..# ##..#..# ###.. ..
..# #...... ...


You could see an orc priest and 2 orcs.

Vanquished Creatures
  A bullfrog (Sewer)
  3 scorpions
  A hound (D:5)
  A jelly (D:4)
  An orc priest (D:5)
  An iguana (D:5)
  An orc wizard (D:5)
  3 gnolls (D:3)
  3 river rats (D:5)
  13 adders
  An ufetubus (D:4)
  4 worms
  2 dart slugs
  4 orcs
  11 endoplasms
  13 giant cockroaches
  11 goblins
  6 hobgoblins
  7 jackals
  11 kobolds
  11 quokkas
  8 ball pythons
  6 bats
  8 frilled lizards
  12 rats
143 creatures vanquished.

Notes
Turn   | Place    | Note
-------+----------+-------------------------------------------
     0 | D:1      | Pixllover the Vine Stalker Fighter began the quest for the
                  | Orb.
     0 | D:1      | Reached XP level 1. HP: 11/11 MP: 2/2
    45 | D:1      | Reached XP level 2. HP: 16/16 MP: 3/3
   305 | D:1      | Reached skill level 2 in Axes
   441 | D:1      | Reached XP level 3. HP: 19/19 MP: 4/4
  1039 | D:2      | Reached XP level 4. HP: 4/24 MP: 2/5
  1789 | D:3      | Reached skill level 3 in Axes
  1789 | D:3      | Reached XP level 5. HP: 28/28 MP: 6/6
  1902 | D:3      | Reached skill level 1 in Dodging
  2560 | D:4      | Found Aqyitziu's Assorted Antiques.
  2578 | D:4      | Reached XP level 6. HP: 32/32 MP: 7/7
  2608 | D:4      | Found Gail Kue's Weapon Shop.
  2786 | D:4      | Found a radiant altar of Vehumet.
  2880 | D:4      | Reached skill level 4 in Axes
  2914 | D:4      | Found a sacrificial altar of Ru.
  2914 | D:4      | Found a shimmering altar of Xom.
  2936 | D:4      | Found a faded altar of an unknown god.
  2939 | D:4      | Found a faded altar of an unknown god.
  2941 | D:4      | Found a hazy altar of Hepliaklqana.
  2946 | D:4      | Prayed at the altar of an unknown god.
  2946 | D:4      | Became a worshipper of Ashenzari the Shackled
  3129 | D:4      | Fell from the grace of Ashenzari
  3206 | D:4      | Prayed at the altar of an unknown god.
  3206 | D:4      | Became a worshipper of Kikubaaqudgha
  3206 | D:4      | Reached * piety under Kikubaaqudgha
  3206 | D:4      | Received a gift from Kikubaaqudgha
  3250 | D:5      | Entered Level 5 of the Dungeon
  3303 | D:5      | Found a glowing drain.
  3315 | Sewer    | Entered a sewer
  3425 | Sewer    | Reached XP level 7. HP: 37/37 MP: 8/8
  3487 | Sewer    | Reached ** piety under Kikubaaqudgha
  3718 | D:5      | Reached skill level 5 in Axes
  3719 | D:5      | Reached skill level 7 in Axes
  3719 | D:5      | Reached skill level 5 in Stealth
  3719 | D:5      | Reached skill level 5 in Shields
  3719 | D:5      | Gained mutation: You have razor-sharp teeth. [Vine Stalker
                  | growth]
  3719 | D:5      | Reached XP level 8. HP: 2/45 MP: 0/9
  3719 | D:5      | Succumbed to an orc's poison

Illustrated notes

Levels and vault maps discovered:
D:1:      shiori_arrival_elements, layout_basic
D:2:      minmay_razor_zed, layout_rooms,
          nicolae_concentric_dashed_squares_wild, minmay_ruptured
D:3:      layout_basic
D:4:      layout_cave_pools, mainiacjoe_overflow_cross_hatched,
          chequers_temple_overflow_minitemple, serial_shops, shop, shop,
          minmay_strange_pillars
D:5:      layout_layer_cave, mainiacjoe_overflow_small_starburst,
          enter_ossuary_4, portal_sewer_entry_e, ebering_ghost_reflecting_pool,
          minmay_misc_feat_hallway

Skill      XL: |  1  2  3  4  5  6  7 |
---------------+----------------------+-----
Shields        | 3 5 |  5.5
Axes           | 2 3 4 7 |  7.3
Fighting       | 3 6 |  6.5
Dodging        | 1 4 |  4.0
Armour         | 3 6 |  6.1
Stealth        | 5 |  5.2

Action                     |  1- 3 |  4- 6 |  7- 9 || total
---------------------------+-------+-------+-------++-------
  Melee: War axe           |    77 |   235 |    73 ||   385
         Bite              |    15 |    42 |    18 ||    75
 Invoke: Renounce Religion |       |     1 |       ||     1
    Use: Potion            |       |       |     1 ||     1
 Armour: Scale mail        |    49 |   185 |    87 ||   321
  Dodge: Dodged            |    52 |   113 |    44 ||   209
  Block: Buckler           |    21 |    16 |       ||    37
         Kite shield       |       |    83 |    66 ||   149

Table legend: (Time is in decaauts)
 A = Elapsed time spent in this place.
 B = Non-inter-level travel time spent in this place.
 C = Inter-level travel time spent in this place.
 D = Time resting spent in this place.
 E = Time spent auto-exploring this place.
 F = Levels seen in this place.
 G = Mean time per level.
                   A        B        C        D        E       F      G
               +--------+--------+--------+--------+--------+-----+--------+
         Total |   3961 |   3816 |    145 |     11 |   2142 |   6 |  660.2 |
       Dungeon |   3598 |   3453 |    145 |     11 |   2127 |   5 |  719.6 |
         Sewer |    362 |    362 |      0 |      0 |     15 |   1 |  362.0 |
               +--------+--------+--------+--------+--------+-----+--------+

Top non-repeatable levels by time:
     D:3: 938 daAuts
     D:2: 897 daAuts
     D:1: 802 daAuts
     D:4: 725 daAuts
   Sewer: 362 daAuts
     D:5: 235 daAuts
